Cogmind - Beta 14 @@@ ROGUE MODE // 2025.03.21 @ 23:25:26 Player: SovietPaperclip Result: Destroyed by G-47 Trooper with Particle Gun Performance ------------- Evolutions (2) 1000 Regions Visited (5) 1000 Robots Destroyed (18) 90 Value Destroyed (496) 496 Prototype IDs (23) 460 Alien Tech Used (0) 0 Bonus (405) 405 TOTAL SCORE: 3451 Bonus ------- Follower Combat Kills 113 Aligned with FarCom 300 Friendly Fire -8 Cogmind --------- Core Integrity 0/550 Matter 280/300 Energy 100/100 System Corruption 1% Temperature Cool (9) Movement Core (1350) Ox26 Location -8/Materials Parts ------- > --- POWER (1) -------- (None) > --- PROPULSION (2) --- (None) > --- UTILITY (6) ------ Huge Storage Unit > --- WEAPON (2) ------- (None) > --- INVENTORY (25) --- Ion Engine Light Treads Light Treads Light Treads Armored Treads Armored Treads Armored Treads Armored Treads Armored Treads Flying Fortress v7 Experimental Sensor Array Improved Terrain Scanner Seismic Detector Cloak of Protection Tractor Beam Army-in-a-Box (30/30) Peak State ------------ > --- POWER ------------ Ion Engine > --- PROPULSION ------- Wheel > --- UTILITY ---------- Improved Heat Sink Huge Storage Unit > --- WEAPON ----------- Light Assault Rifle Shock Bomb Launcher > --- INVENTORY -------- Light Nuclear Core Light Treads Light Treads Light Treads Armored Treads Armored Treads Armored Treads Armored Treads Armored Treads Flying Fortress v7 Experimental Sensor Array Improved Terrain Scanner Seismic Detector Cloak of Protection Tractor Beam Army-in-a-Box [Rating: 22] Favorites ----------- Power Ion Engine Engine Ion Engine Power Core Light Nuclear Core Propulsion Light Treads Treads Light Treads Wheel Wheel Utility Light Armor Plating Device Improved Heat Sink Storage Huge Storage Unit Protection Light Armor Plating Weapon Light Assault Rifle Energy Gun Medium Laser Ballistic Gun Light Assault Rifle Launcher Shock Bomb Launcher Build | -11 -10 -10 -10 -9 -8 ------- Run | Yrd Mat Min Exi Min Mat Slots Evolved 4 | . . . . . 4 Power . | . . . . . . Propulsion . | . . . . . . Utility 4 | . . . . . 4 Weapon . | . . . . . . Parts Attached 15 | 7 1 1 1 2 3 Power 2 | 1 . . . . 1 Engine 1 | 1 . . . . . Core 1 | . . . . . 1 Reactor . | . . . . . . Propulsion 4 | 2 . . . 2 . Treads 2 | 2 . . . . . Leg . | . . . . . . Wheel 2 | . . . . 2 . Hover . | . . . . . . Flight . | . . . . . . Utility 5 | 2 . 1 1 . 1 Device 2 | 1 . . . . 1 Storage 2 | 1 . . 1 . . Processor . | . . . . . . Hackware . | . . . . . . Protection 1 | . . 1 . . . Artifact . | . . . . . . Weapon 4 | 2 1 . . . 1 Energy Gun 1 | 1 . . . . . Energy Cannon . | . . . . . . Ballistic Gun 2 | 1 1 . . . . Ballistic Cannon . | . . . . . . Launcher 1 | . . . . . 1 Special Weapon . | . . . . . . Impact Weapon . | . . . . . . Slashing Weapon . | . . . . . . Piercing Weapon . | . . . . . . Special Melee Weapon . | . . . . . . Unidentified Prototypes . | . . . . . . Parts Lost 8 | . . . . . 8 Power 1 | . . . . . 1 Propulsion 2 | . . . . . 2 Utility 2 | . . . . . 2 Weapon 3 | . . . . . 3 Highest Loss Streak 4 | . . . . . 4 To Critical Strikes . | . . . . . . Average Slot Usage (%) 91 | . 100 100 100 100 48 Engine 13 | . 14 14 14 14 8 Treads 22 | . 28 28 28 22 . Wheel 3 | . . . . 5 10 Device 1 | . 14 . . . 5 Storage 13 | . 14 14 14 14 9 Protection 11 | . . 13 14 14 2 Ballistic Gun 24 | . 23 28 28 28 8 Peak Build Rating 22 | 7 7 7 17 18 22 Average Rating 13 | 5 7 7 14 17 19 On Entrance 9 | . 7 7 7 17 18 Naked Turns . | . . . . . . Heaviest Build 92 | 14 14 15 90 90 92 Greatest Support 40 | 40 40 40 40 40 20 Greatest Overweight (x) 9 | 4 . . 2 8 9 Average Overweight (x) 1 | . . . 1 2 7 Largest Inventory Capacity 25 | 8 8 8 25 25 25 Average Capacity 17 | 7 8 8 21 25 25 Most Carried 24 | 2 2 5 15 18 24 Average Carried 11 | . 1 4 12 15 21 Final Capacity 25 | 8 8 8 25 25 25 Final Carried 24 | 1 1 5 15 18 24 Class Distribution -------------------- 100% | Mutant Dominant Class ---------------- Mutant | -10/Materials Mutant | -10/Mines Mutant | -10/Exiles Mutant | -9/Mines Mutant | -8/Materials Resources | -11 -10 -10 -10 -9 -8 ----------- Run | Yrd Mat Min Exi Min Mat Matter Collected 429 | 196 35 94 10 44 50 Remotely . | . . . . . . Salvage Created 710 | 123 115 . . 137 335 Parts 47 | 8 6 . . 7 26 Haulers Intercepted . | . . . . . . Recyclers Shooed . | . . . . . . Parts Field Recycled . | . . . . . . Retrieved Matter . | . . . . . . Parts Self-Destructed . | . . . . . . Prevented . | . . . . . . Kills | -11 -10 -10 -10 -9 -8 ------- Run | Yrd Mat Min Exi Min Mat Combat Hostiles Destroyed 11 | . 3 . . 3 5 Guns 8 | . 3 . . 3 2 AOE 3 | . . . . . 3 Classes Destroyed 8 | 2 1 . . 2 3 Worker 1 | . . . . . 1 Builder 2 | . . . . 1 1 Tunneler 3 | 3 . . . . . Recycler 1 | 1 . . . . . Watcher 1 | . . . . . 1 Grunt 9 | . 3 . . 2 4 Hunter 1 | . . . . . 1 Assembled 1 | . . . . 1 . Best Kill Streak 4 | 2 1 . . 4 4 Combat Bots Only 3 | . 1 . . 3 2 Max Kills in Single Turn 2 | 1 1 . . 1 2 Gunslinging . | . . . . . . Exploded 1 | . . . . . 1 Melee . | . . . . . . Uniques/NPCs Destroyed . | . . . . . . Combat | -11 -10 -10 -10 -9 -8 -------- Run | Yrd Mat Min Exi Min Mat Hostile Shots Fired 98 | . 10 . . 15 73 Missed 20 | . 3 . . 5 12 Damage Taken 1302 | . 79 . . 105 1118 Core 566 | . 12 . . . 554 Absorbed by Shields . | . . . . . . Core Remaining (%) 97 | 100 . . . 95 . Volleys Fired 59 | 9 13 . . 12 25 Largest 2 | 2 2 . . 2 2 Hottest 70 | 70 40 . . 40 40 Shots Fired 108 | 18 26 . . 24 40 Gun 98 | 18 26 . . 24 30 Cannon . | . . . . . . Launcher 10 | . . . . . 10 Special . | . . . . . . Kinetic 89 | 9 26 . . 24 30 Thermal 9 | 9 . . . . . Explosive . | . . . . . . Electromagnetic 10 | . . . . . 10 Robot Hit Streak 11 | 3 4 . . 11 5 Robot Miss Streak 3 | 2 2 . . 1 3 Penetration Max . | . . . . . . Secondary Targets 1 | . . . . 1 . Max Gunslinging Chain 1 | . . . . 1 . Shots Hit Robots 65 | 9 17 . . 17 22 Core Hits 40 | 5 9 . . 9 17 Critical Kills . | . . . . . . Critical Parts Destroyed 1 | . 1 . . . . Critical Strikes 2 | 1 1 . . . . Burn 1 | 1 . . . . . Destroy 1 | . 1 . . . . Melee Attacks . | . . . . . . Impact . | . . . . . . Slashing . | . . . . . . Piercing . | . . . . . . Sneak Attacks . | . . . . . . Combat Hostiles . | . . . . . . Follow-up Attacks . | . . . . . . Damage Inflicted 914 | 100 137 . . 152 525 Guns 521 | 100 137 . . 152 132 Cannons . | . . . . . . Explosions 393 | . . . . . 393 Melee . | . . . . . . Ramming . | . . . . . . Kinetic 446 | 25 137 . . 152 132 Thermal 75 | 75 . . . . . Explosive . | . . . . . . Electromagnetic 393 | . . . . . 393 Impact . | . . . . . . Slashing . | . . . . . . Piercing . | . . . . . . Highest Corruption 1 | . . . . . 1 Average Corruption 1 | . . . . . 1 Corruption Purged . | . . . . . . Corruption Blocked . | . . . . . . Overload Shots . | . . . . . . Overflow Damage 10 | . . . . . 10 Projectiles . | . . . . . . Explosions 10 | . . . . . 10 Melee . | . . . . . . Knockbacks . | . . . . . . Impact . | . . . . . . Kinetic . | . . . . . . Secondary . | . . . . . . Self-Inflicted Damage 63 | . . . . . 63 Shots 3 | . . . . . 3 Rammed . | . . . . . . Targets Rammed . | . . . . . . Kicked . | . . . . . . Crushed . | . . . . . . Highest Temperature 100 | 100 12 . . 26 27 Average Temperature 19 | 38 8 . . 8 9 Received Heat Transfer 446 | . 42 . . 62 342 Siege Activations . | . . . . . . Robots Corrupted . | . . . . . . Combat Hostiles . | . . . . . . Parts Fried . | . . . . . . Impact Corruptions . | . . . . . . Robots Melted . | . . . . . . Combat Hostiles . | . . . . . . Parts Melted 2 | 2 . . . . . Heat Transferred 296 | 296 . . . . . Parts Sabotaged . | . . . . . . Parts Stolen . | . . . . . . Parts Stripped . | . . . . . . Power Chain Reactions 1 | . . . . . 1 Alert | -11 -10 -10 -10 -9 -8 ------- Run | Yrd Mat Min Exi Min Mat Peak Influence 200 | 20 85 33 . 200 96 Initial 33 | . 13 33 . . 3 Average 46 | 8 38 14 . 95 40 Maximum Alert Level 1 | . . . . 1 . Low Security (%) 91 | 100 100 100 . 71 100 Level 1 8 | . . . . 28 . Level 2 . | . . . . . . Level 3 . | . . . . . . Level 4 . | . . . . . . Level 5 . | . . . . . . High Security . | . . . . . . Max Security . | . . . . . . Squads Dispatched 2 | . 1 . . . 1 Investigation . | . . . . . . Extermination . | . . . . . . Reinforcement 2 | . 1 . . . 1 Assault . | . . . . . . Garrison . | . . . . . . Intercept . | . . . . . . Searches Triggered . | . . . . . . Construction Impeded . | . . . . . . Haulers Reinforced . | . . . . . . Active Scanning Responses . | . . . . . . Cargo Convoy Interrupts . | . . . . . . Stealth | -11 -10 -10 -10 -9 -8 --------- Run | Yrd Mat Min Exi Min Mat Distress Signals 2 | . . . . . 2 Communications Jammed . | . . . . . . Distress Signals . | . . . . . . Times Spotted 33 | . 8 . . 10 15 Peak Tracking Total 6 | . 2 . . 4 6 Tactical Retreats 3 | . . . . 1 2 Traps | -11 -10 -10 -10 -9 -8 ------- Run | Yrd Mat Min Exi Min Mat Traps Triggered . | . . . . . . Indirectly . | . . . . . . Trap Hack Attempts . | . . . . . . Triggered . | . . . . . . Disarmed . | . . . . . . Reprogrammed . | . . . . . . Reused . | . . . . . . Traps Extracted . | . . . . . . Installed . | . . . . . . Triggered . | . . . . . . Machines | -11 -10 -10 -10 -9 -8 ---------- Run | Yrd Mat Min Exi Min Mat Machines Disabled 2 | . . . . . 2 Max in Single Turn 2 | . . . . . 2 Machines Repaired . | . . . . . . Machines Dismantled . | . . . . . . Machines Sabotaged . | . . . . . . Overloaded Fab Kills . | . . . . . . Hacking | -11 -10 -10 -10 -9 -8 --------- Run | Yrd Mat Min Exi Min Mat Machines Accessed 3 | . 2 . 1 . . Terminals 2 | . 2 . . . . Fabricators . | . . . . . . Repair Stations . | . . . . . . Recycling Units . | . . . . . . Scanalyzers . | . . . . . . Garrison Access . | . . . . . . Total Hacks 6 | . 5 . 1 . . Successful 3 | . 2 . 1 . . Failed 3 | . 3 . . . . Catastrophic 1 | . 1 . . . . Database Lockouts . | . . . . . . Manual 5 | . 4 . 1 . . Terminals 5 | . 5 . . . . Fabricators . | . . . . . . Repair Stations . | . . . . . . Recycling Units . | . . . . . . Scanalyzers . | . . . . . . Garrison Access . | . . . . . . Terminal Hacks 2 | . 1 . 1 . . Branch Access Points 1 | . 1 . . . . Derelict Proto ID Bank 1 | . . . 1 . . Fabricator Hacks . | . . . . . . Repair Station Hacks . | . . . . . . Recycling Unit Hacks . | . . . . . . Scanalyzer . | . . . . . . Garrison Access Hacks . | . . . . . . Unauthorized Hacks 1 | . 1 . . . . Terminals 1 | . 1 . . . . Botnet 1 | . 1 . . . . Fabricators . | . . . . . . Repair Stations . | . . . . . . Recycling Units . | . . . . . . Scanalyzers . | . . . . . . Garrison Access . | . . . . . . Data Cores Recovered . | . . . . . . Used . | . . . . . . Hacking Detections 2 | . 2 . . . . Full Trace Events . | . . . . . . Feedback Events . | . . . . . . Feedback Blocked . | . . . . . . Robot Schematics Acquired . | . . . . . . Robots Built . | . . . . . . Authchips . | . . . . . . Time . | . . . . . . Total Robot Build Rating . | . . . . . . Part Schematics Acquired . | . . . . . . Parts Built . | . . . . . . Authchips . | . . . . . . Time . | . . . . . . Total Part Build Rating . | . . . . . . Parts Repaired . | . . . . . . Time . | . . . . . . Parts Recycled . | . . . . . . Recycled Matter . | . . . . . . Retrieved Matter . | . . . . . . Retrieved Components . | . . . . . . Parts Scanalyzed . | . . . . . . Part Schematics Acquired . | . . . . . . Parts Damaged . | . . . . . . Bothacking | -11 -10 -10 -10 -9 -8 ------------ Run | Yrd Mat Min Exi Min Mat Used RIF Installer . | . . . . . . Robots Hacked . | . . . . . . Non-combat . | . . . . . . Combat . | . . . . . . Robot Hacks Applied . | . . . . . . Relay Couplers Released . | . . . . . . Fabnet Peak Effective % . | . . . . . . Robots Rewired . | . . . . . . Allies Hacked . | . . . . . . Hacks Repelled . | . . . . . . Allies | -11 -10 -10 -10 -9 -8 -------- Run | Yrd Mat Min Exi Min Mat Total Allies 3 | . . 3 . . . Largest Group 3 | . . 3 3 3 . Highest-Rated Group 40 | . . 40 40 40 . Highest-Rated Ally 16 | . . 16 16 16 . Total Orders . | . . . . . . Ally Attacks 29 | . . . . 29 . Total Damage 264 | . . . . 264 . Kills 7 | . . . . 7 . Allies Corrupted . | . . . . . . Allies Melted . | . . . . . . Intel | -11 -10 -10 -10 -9 -8 ------- Run | Yrd Mat Min Exi Min Mat Robot Analysis Total . | . . . . . . Derelict Logs Recovered 3 | . . 2 . 1 . Drone Launches . | . . . . . . Drone Recoveries . | . . . . . . Exploration | -11 -10 -10 -10 -9 -8 ------------- Run | Yrd Mat Min Exi Min Mat Turns Passed 3272 | 95 183 932 791 763 508 Spaces Moved 1311 | 37 62 570 303 221 118 Core 8 | 8 . . . . . Treads 1081 | 29 62 570 303 117 . Legs . | . . . . . . Wheels 222 | . . . . 104 118 Hover . | . . . . . . Flight . | . . . . . . Fastest Speed 50 | 50 160 160 160 140 140 Average Speed 198 | 160 160 160 260 235 189 Slowest Speed 320 | 250 160 160 320 320 215 Overloaded Moves . | . . . . . . Propulsion Burnouts . | . . . . . . Robots Hopped . | . . . . . . Cave-ins Triggered . | . . . . . . Exploration Rate (%) 44 | 4 16 99 71 58 21 Regions Visited 5 Branch Regions 3 Pre-discovered Areas 1 | . . 1 . . . Known Exits Taken 1 | . 1 . . . . Unknown Exits Taken 4 | 1 . 1 1 1 . Scrap Searched 5 | . . 3 . 2 . Spaces Dug . | . . . . . . Terrain Destroyed 8 | . . . . . 8 Melee . | . . . . . . Projectile . | . . . . . . AOE 8 | . . . . . 8 Terrain Rammed . | . . . . . . Walls Destroyed . | . . . . . . Machines Disabled . | . . . . . . Actions | -11 -10 -10 -10 -9 -8 --------- Run | Yrd Mat Min Exi Min Mat Total 1885 | 54 125 590 307 443 366 Wait 484 | . 48 16 . 206 214 Move 1306 | 36 61 569 302 220 118 Hop . | . . . . . . Pick Up 19 | 2 1 4 3 3 6 Fast Attach 8 | 6 . . . . 2 Attach 1 | 1 . . . . . Detach . | . . . . . . Swap 6 | . 1 1 1 2 1 Drop 2 | . 1 . 1 . . Fire 59 | 9 13 . . 12 25 Melee . | . . . . . . Ram . | . . . . . . Kick . | . . . . . . Crush . | . . . . . . Escape Stasis . | . . . . . . Rewire . | . . . . . . Trap . | . . . . . . Miscellaneous . | . . . . . . Route ------- -11/Scrapyard -10/Materials (discovered 2 exits: *Min x2) -10/Mines (discovered 3 exits: [*Mat x2] / *Exi) -10/Exiles -9/Mines -8/Materials History --------- Turn | Location | Event 18 | -11/Scrapyard | Discovered new exit (range 15) 96 | -11/Scrapyard | Entered Materials 133 | -10/Materials | Identified exit to Mines 279 | -10/Materials | Entered Mines 307 | -10/Mines | Discovered new exit (range 7) 311 | -10/Mines | Build established: Mutant 432 | -10/Mines | Found a hidden stash of uninstalled traps 469 | -10/Mines | Assisted by bots powering up and referring to "LRC-V3" 503 | -10/Mines | Learned location of Mines (-9) 516 | -10/Mines | Learned Materials security intel 911 | -10/Mines | Discovered new exit (range 14) 1203 | -10/Mines | Deemed a non-threat by the Exiles lab entrance 1203 | -10/Mines | Discovered new exit (range 5) 1211 | -10/Mines | Entered Exiles 1211 | -10/Exiles | Accompanied by 3 allies 1248 | -10/Exiles | Met 8R-AWN 1277 | -10/Exiles | Met EX-HEX 1325 | -10/Exiles | Met EX-BIN 1344 | -10/Exiles | Aligned with FarCom system 1346 | -10/Exiles | Given EX-Vault access code 1384 | -10/Exiles | Opened EX-Vault 1394 | -10/Exiles | Found Army-in-a-Box 1405 | -10/Exiles | Found Cloak of Protection 1425 | -10/Exiles | Found Flying Fortress v7 1487 | -10/Exiles | Warned to stay clear of 0b10 Research branches 1580 | -10/Exiles | Met EX-DEC 1967 | -10/Exiles | Discovered new exit (range 14) 2002 | -10/Exiles | Stole three prototypes: Flying Fortress v7, Cloak of Protection, Army-in-a-Box 2002 | -10/Exiles | Entered Mines 2002 | -9/Mines | Accompanied by 3 allies 2288 | -9/Mines | Learned location of 1 exit from Lower Caves 2411 | -9/Mines | Excavation squad dispatched 2411 | -9/Mines | A large section of the Mines collapsed 2661 | -9/Mines | Excavation squad dispatched 2700 | -9/Mines | Found a damaged Exp. Sensor Array with a note attached 2703 | -9/Mines | Found Prototype Device 2757 | -9/Mines | Discovered new exit (range 5) 2765 | -9/Mines | Entered Materials 2765 | -8/Materials | Evolved 4 slots: Utility x4 3257 | -8/Materials | Core integrity fell below 50% 3264 | -8/Materials | Core integrity fell below 20% 3273 | -8/Materials | Destroyed by G-47 Trooper with Particle Gun Last Messages --------------- payload. 03233_ L-31 Rogue unfolds itself. 03233_ G-47 Trooper unfolds itself. 03233_ K-01 Serf collects debris. 03234_ U-05 Engineer repairs door. 03234_ G-47 Trooper destroyed. 03234_ U-05 Engineer destroyed. 03234_ Door malfunctions. 03236_ W-25 Informer destroyed. 03238_ K-01 Serf collects debris. 03248_ Imp. Heat Sink destroyed. 03251_ Shock Bomb Launcher destroyed. 03253_ Lgt. Nuclear Core destroyed. 03259_ R-06 Scavenger collects Corrupted Lgt. Ion Engine. 03264_ M-28 Smith repairs G-47 Trooper. 03265_ W-25 Informer sends out distress signal. 03272_ U-05 Engineer lays Concrete. 03272_ R-06 Scavenger collects Corrupted Imp. Heat Sink. Map ----- +----------------------------------------------------+ | ?????????????????????????????????????????????????? | | ?????????????????????????????????????????????????? | | ?????????????????????????????????????????????????? | | ?????????????????????????????????????????????????? | | ????????? ???????????????????????????????????????? | | ????????? ???????????????????????????????????????? | | ???????? ##+##+#????????????????????????????????? | | ???? ????????????????????????????????? | | ????# ? #????????????????????????????????? | | ????# T #????????????????????????????????? | | ????# #????????????????????????????????? | | ????# """ #????????????????????????????????? | | ????# """ ##???????????????????????????????? | | ????# """ "#???????????????????????????????? | | ????# T#???????????????????????????????? | | ??? [ "#???????????????????????????????? | | ?????# #????????????????????????????????? | | ?????# ! #???############### ????????????? | | ?????# ##### ????????????? | | ?????+ ????????????? | | ?????# ????????????? | | ???### ############;#####???????? | | ???# #??# #???????? | | ???# / !! #??# m = #???????? | | ???+ !! =###;g #???????? | | ???# ! g@l/%== " [#???????? | | ???# r ####=[%= " #???????? | | ???## #??#= u % +???????? | | ##### ####+##??################??????? | | + w#?? ?????????????????????????? | | # + """ ?????????????????????????? | | # ###### """ ????????????????????????? | | ## #######??????""" ????????????????????????? | | ## #???????????? ????????????????????????? | | ## #??????????????? ?????????????????????????? | | ## #?########?????? ?????????????????????????? | | ## ###%= #?????? ????g????????????????????? | | + =!+%""" #????????????????????????????????? | | ##########=""" #????????????????????????????????? | | ####?????#[""" #????????????????????????????????? | | #?????# #????????????????????????????????? | | "" #?????# """ #????????????????????????????????? | | "" #?????# """ #????????????????????????????????? | | "" ####### """ #????????????????????????????????? | | # ! # #????????????????????????????????? | | # # """ #????????????????????????????????? | | + T + """ #????????????????????????????????? | | "" # # """ #????????????????????????????????? | | "" # # #????????????????????????????????? | | "" ## #########????????????????????????????????? | +----------------------------------------------------+ Best States ------------- Heat Dissipation 45 Energy Generation 14 Energy Capacity 250 Matter Stores 300 Matter Capacity 300 Sight Range 16 Terrain Scan Density 10 Armor Coverage 150 Evasion (%) 40 Recoil Reduction 2 Item Schematics ----------------- None Robot Schematics ------------------ None Fabricated ------------ Nothing Alien Tech Used ----------------- None Achievements -------------- None Challenges ------------ None Game ------ Seed RegenerativeBeamBay Manual? 0 Play Time 00:16:06 Cumulative 144.8 hours Start 2025.03.21 @ 23:12:24 End 2025.03.21 @ 23:25:26 Sessions 1 Manual Loads 0 Difficulty Rogue Special Mode None Game No. 205 Rogue 205 Adventurer 0 Explorer 0 Win Type - Total 1 Types 1/0/0/0/0/0/0/0/0 Lore% 50 Gallery% 55 Achievement% 53 Wizard Run 0 Options --------- Layout 1 ASCII 0 Keyboard 0 Movement Mouse Keybinds 0 Fullscreen 2 Font 32/Smallcaps Map View 50x40 Zoom Use 0% Tactical HUD 1 Map Filters NONE Filters NONE Steam 1 RUN: 282bef41-f7c5-47df-9e9e-45d6f51a1a35